Map: Mécanisation EC

Players

xXeBoLaXx - Winner!

  • Race: Protoss Protoss
  • League: Diamond
  • Spawn Location: 3:00

Sorandom

  • Race: Zerg Zerg
  • League: Diamond
  • Spawn Location: 9:00

VOD

Have the link to the VOD?

Description

Time

  • Played on: April 12, 2019, 9:23 p.m.
  • Length: 7:16
Show
View Real Time Build Order
Export as new Build Order

xXeBoLaXx Protoss - Winner!

Build Orders:  

Get SALT Encoding   

  12  0:04  Probe  
  13  0:17  Pylon  
  13  0:18  Probe  
  14  0:30  Probe  
  15  0:36  Gateway  
  15  0:42  Probe  
  16  0:54  Probe  
  17  1:01  Forge  
  17  1:07  Probe  
  18  1:19  Probe  
  19  1:31  Probe, Pylon  
  20  1:47  Nexus  
  20  1:54  Photon Cannon  
  20  2:02  Pylon  
  20  2:09  Photon Cannon  
  20  2:23  Probe  
  20  2:28  Photon Cannon, Zealot  
  21  2:32  Pylon  
  21  2:35  Probe  
  24  2:43  Assimilator  
  24  2:54  Photon Cannon  
  23  3:09  Probe  
  23  3:10  Probe  
  25  3:19  Zealot  
  27  3:22  Cybernetics Core  
  27  3:39  Pylon  
  27  3:40  Assimilator  
  27  3:44  Probe x2  
  27  3:50  Photon Cannon  
  27  3:55  Zealot  
  27  3:56  Probe x2  
  27  3:59  Warp Gate  
  31  4:04  Gateway  
  31  4:18  Probe  
  31  4:19  Zealot  
  32  4:26  Probe  
  35  4:33  Shield Battery  
  35  4:36  Probe  
  37  4:38  Probe  
  37  4:44  Assimilator  
  37  4:47  Assimilator  
  37  4:48  Probe  
  37  4:49  Robotics Facility  
  37  4:50  Probe  
  39  5:00  Probe  
  38  5:11  Probe  
  38  5:15  Probe  
  40  5:26  Probe, Stalker  
  40  5:27  Probe, Stalker  
  44  5:31  Immortal  
  45  5:36  Photon Cannon  
  45  5:39  Probe  
  50  5:50  Pylon  
  50  6:06  Stalker x2  
  50  6:09  Immortal  
  58  6:22  Photon Cannon  
  58  6:32  Zealot x2  
  62  6:38  Pylon  
  62  6:43  Twilight Council  
  62  6:58  Stalker x2  
Show
View Real Time Build Order
Export as new Build Order

Sorandom Zerg 

Build Orders: Pool First 

Get SALT Encoding   

  12  0:01  Drone  
  13  0:15  Drone  
  13  0:19  Overlord  
  14  0:28  Extractor  
  14  0:29  Extractor, Drone  
  14  0:30  Drone  
  16  0:39  Drone  
  17  0:48  Drone  
  18  0:54  Spawning Pool  
  17  0:59  Overlord  
  17  1:09  Drone  
  18  1:25  Hatchery  
  17  1:28  Drone  
  18  1:33  Drone  
  19  1:48  Zergling x2, Queen  
  19  1:52  Zergling x2  
  23  2:03  Zergling x2  
  24  2:15  Zergling x2  
  24  2:39  Zergling x4  
  24  2:40  Zergling x2  
  27  2:48  Hatchery  
  27  2:49  Extractor  
  25  2:57  Roach Warren, Drone x2  
  25  3:21  Hatchery  
  25  3:22  Zergling x2  
  24  3:46  Drone x5  
  24  3:47  Hatchery  
  28  4:03  Drone  
  28  4:04  Queen  
  28  4:09  Roach  
  33  4:14  Zergling x2  
  34  4:19  Drone  
  34  4:21  Overlord  
  34  4:22  Overlord  
  35  4:31  Overlord  
  35  4:40  Ravager  
  36  4:48  Roach  
  38  4:54  Roach  
  38  5:11  Drone x9  
  46  5:28  Roach x3  
  51  5:35  Extractor  
  51  5:40  Drone x6  
  56  5:44  Extractor  
  56  5:46  Spore Crawler  
  56  5:48  Ravager  
  55  5:50  Drone  
  56  6:00  Drone  
  56  6:04  Overlord  
  57  6:07  Ravager  
  57  6:10  Hatchery  
  57  6:16  Drone, Spore Crawler  
  57  6:17  Drone x3  
  60  6:21  Overlord  
  60  6:38  Roach  
  60  6:39  Roach  
  64  6:50  Drone  
  64  6:51  Drone x7  
  76  7:03  Extractor  
  75  7:12  Evolution Chamber x2  
Tags
 
Matchup
PvZ
Opening
Pool First
Replay Pack
Pack
Spawn Locations
Cross Positions
Add a new tag
Caveats
  • Supply blocks, unpowered buildings, or Contaminate may cause inaccurate times.
  • Supply counts are checked every 10 seconds.